 Dungeon Crawl Stone Soup version 0.17.1-3-g152610e (webtiles) character file.

27374 Gargoyl the Cleaver (level 13, -7/102 HPs)
             Began as a Demonspawn Abyssal Knight on Mar 2, 2016.
             Was the Champion of Lugonu.
             Mangled by an ettin
             ... wielding a +0 great mace
              (35 damage)
             ... on level 4 of the Orcish Mines on Mar 3, 2016.
             The game lasted 00:51:07 (20394 turns).

Gargoyl the Cleaver (Demonspawn Abyssal Knight)    Turns: 20394, Time: 00:51:07

Health: -7/102     AC: 22    Str: 28    XL:     13   Next: 4%
Magic:  15/15      EV: 16    Int: 13    God:    Lugonu [******]
Gold:   53         SH: 17    Dex: 23    Spells: 0 memorised, 12 levels left

rFire  . . .     SeeInvis +     m - +0 broad axe (elec)
rCold  + . .     Clarity  +     y - +0 plate armour
rNeg   . . .     SustAt   .     b - +4 shield {reflect}
rPois  +         Gourm    .     q - +0 helmet
rElec  .         Spirit   .     E - +1 cloak "Nautal" {-Cast rC+ Str+9 Slay+2}
rCorr  .         Warding  .     u - +2 pair of gloves
rMut   .         Stasis   .     g - +2 pair of boots
MR     +++..     NoCast   +     D - amulet of faith
Stlth  ..........               j - ring of protection from magic
                                s - ring of Qaeguimp {rPois MR+ Dex+3 SInv}

@: mighty, agile, extremely resistant to hostile enchantments, extremely
unstealthy
A: hooves 1, icy blue scales 2, clarity, deformed body, demonic guardian 1, low
mp 1, magic resistance 1, powered by pain 1, weak 1
a: Depart the Abyss, Bend Space, Banish, Corrupt, Enter the Abyss, Brand Weapon
With Distortion, Renounce Religion


You were on level 4 of the Orcish Mines.
You worshipped Lugonu.
Lugonu was exalted by your worship.
You were not hungry.

You visited 2 branches of the dungeon, and saw 15 of its levels.
You visited the Abyss 2 times.

You collected 1502 gold pieces.
You spent 1449 gold pieces at shops.

Inventory:

Hand Weapons
 m - a +0 broad axe of electrocution (weapon)
 x - a +0 war axe
 J - a +0 broad axe
 P - a +1 flail of protection
Missiles
 t - 2 javelins (quivered)
 w - 30 tomahawks
Armour
 b - a +4 shield of reflection (worn)
 g - a +2 pair of boots (worn)
 q - a +0 helmet (worn)
 u - a +2 pair of gloves (worn)
 y - a +0 plate armour (worn)
 E - the +1 cloak "Nautal" (worn) {-Cast rC+ Str+9 Slay+2}
   (You bought it in a shop on level 6 of the Dungeon)

   It affects your strength (+9).
   It affects your accuracy and damage with ranged weapons and melee attacks
   (+2).
   It protects you from cold.
   It prevents spellcasting.
 H - a +1 cloak of poison resistance
Jewellery
 h - a +2 ring of dexterity
 j - a ring of protection from magic (right hand)
 s - the ring of Qaeguimp (left hand) {rPois MR+ Dex+3 SInv}
   (You bought it in a shop on level 3 of the Orcish Mines)

   [ring of see invisible]

   It affects your dexterity (+3).
   It protects you from poison.
   It affects your resistance to hostile enchantments.
   It lets you see invisible.
 D - an amulet of faith (around neck)
Wands
 e - a wand of cold (4)
 f - a wand of cold (8)
 o - a wand of digging (9)
 I - a wand of polymorph (3)
 L - a wand of polymorph (11)
Scrolls
 d - 2 scrolls of teleportation
 k - a scroll of fear
 l - 4 scrolls of identify
 n - a scroll of amnesia
 z - 3 scrolls of remove curse
 A - a scroll of blinking
 C - 2 scrolls of magic mapping
 M - a scroll of fog
Potions
 a - 2 potions of cancellation
Books
 p - a book of Maledictions

   Spells                             Type                      Level
   a - Corona                         Hexes                        1
   b - Ensorcelled Hibernation        Hexes/Ice                    2
   c - Confuse                        Hexes                        3
   d - Tukima's Dance                 Hexes                        3
   e - Dazzling Spray                 Conjuration/Hexes            3
 B - a book of Air

   Spells                             Type                      Level
   a - Shock                          Conjuration/Air              1
   b - Swiftness                      Charms/Air                   2
   c - Repel Missiles                 Charms/Air                   2
   d - Static Discharge               Conjuration/Air              3
   e - Lightning Bolt                 Conjuration/Air              5
 F - a book of Burglary

   Spells                             Type                      Level
   a - Swiftness                      Charms/Air                   2
   b - Passwall                       Transmutation/Earth          3
   c - Passage of Golubria            Translocation                4
   d - Lee's Rapid Deconstruction     Earth                        5
   e - Darkness                       Hexes                        6
   f - Invisibility                   Hexes                        6
 G - a book of Spatial Translocations

   Spells                             Type                      Level
   a - Apportation                    Translocation                1
   b - Blink                          Translocation                2
   c - Shroud of Golubria             Charms/Translocation         2
   d - Portal Projectile              Translocation                3
   e - Teleport Other                 Translocation                3
   f - Passage of Golubria            Translocation                4
Comestibles
 c - 4 bread rations
 i - 2 chunks of flesh


   Skills:
 + Level 9.7 Fighting
 + Level 11.1 Axes
 + Level 1.8 Throwing
 + Level 8.7 Armour
 + Level 7.3 Dodging
 + Level 2.1 Stealth
 + Level 9.2 Shields
 + Level 5.3 Invocations


You had 12 spell levels left.
You didn't know any spells.

Dungeon Overview and Level Annotations

Branches:
Dungeon (11/15)            Temple (0/1) D:4            Lair (0/8) D:11
    Orc (4/4) D:11            Elf (0/3) Orc:4

Altars:
Cheibriados
Dithmenos
Elyvilon
Fedhas
Qazlal
Vehumet
Yredelemnul
Beogh

Shops:
D:6 [   D:7 :!((!   Orc:3 [=%*(


Innate Abilities, Weirdness & Mutations

You have large cloven feet.
You are mostly covered in icy blue scales (AC +3, EV -1).
A weak demonic guardian rushes to your aid.
You sometimes gain a little power by taking damage.
You possess an exceptional clarity of mind.
Armour fits poorly on your strangely shaped body.
Your magical capacity is low (-10% MP).
You are resistant to hostile enchantments.
You are weak. (Str -2)


Message History

The ettin hits you with a great mace!
You focus on the pain.
You feel very mighty all of a sudden.
The ettin hits you with a dire flail of protection!
Your white imp hits the ettin but does no damage.
Unknown command.
You hit the ettin but do no damage.
The ettin is lightly wounded.
Your iron imp hits the ettin.
The ettin hits you with a great mace!!
* * * LOW HITPOINT WARNING * * *
You focus on the pain.
You feel agile all of a sudden. You block the ettin's attack.
Your white imp hits the ettin but does no damage.
You barely miss the ettin.
The ettin is moderately wounded.
Your iron imp completely misses the ettin.
Your white imp gestures at the ettin.
The puff of frost hits the ettin.
The ettin barely misses you.
The ettin hits you with a dire flail of protection!!
You die...

........ ...# ## .#......
####.#..##.### T....... . .#.#.
.......... ......#. .......
.......... ))#.....
.......##......... (().....
.......#..........
).......#......#.....#$..$.
...............#5.))#......
...............C@.)).#....
................5$.....#..
............._.............
...........................>#
............................###
..............................##
..)..............#.......#.....#
..............................#
.[...............#............#


You could see an ettin, a friendly iron imp and a friendly white imp.

Vanquished Creatures
  Maud (Orc:3)
  Erolcha (Orc:3)
  A centaur warrior (D:11)
  An ogre mage (Orc:4)
  An iron troll (Orc:3)
  4 hill giants
  The ghost of dertzug the Shield-Bearer, a novice FoFi (D:11)
  2 orc knights
  An orc sorcerer (Orc:3)
  A cyclops (Orc:4)
  8 trolls
  Grinder (D:5)
  4 two-headed ogres
  A trapdoor spider zombie (D:10)
  3 wyverns
  36 yaks
  A deep elf mage (D:10)
  Grum (D:8)
  3 hippogriffs
  4 wargs
  4 wolves
  2 water moccasins
  5 ice beasts
  8 necrophages
  8 orc warriors
  3 sky beasts
  A phantom (D:9)
  The ghost of trgk the Slasher, an amateur HECK of Xom (D:3)
  5 centaurs
  13 ogres
  7 giant frogs
  21 killer bees
  3 scorpions
  2 wyvern zombies
  13 wights
  7 giant frog zombies
  3 electric eels (D:10)
  2 crimson imps
  2 centaur zombies
  2 hounds (D:6)
  A centaur skeleton (D:8)
  14 orc priests
  4 giant frog skeletons
  4 jellies
  12 worker ants
  27 orc wizards
  4 iguanas
  2 killer bee zombies (D:8)
  3 hound skeletons
  2 hound zombies
  A mummy (D:8)
  A worker ant zombie (D:5)
  12 adders
  7 gnolls
  2 shadow imps
  2 white imps (Abyss:1)
  An adder skeleton (D:4)
  3 adder zombies
  2 worms
  4 giant geckos
  99 orcs
  11 bats
  6 giant cockroaches
  6 hobgoblins
  16 jackals
  9 kobolds
  6 quokkas
  2 ball pythons (D:3)
  A giant gecko skeleton (D:4)
  7 giant newts
  11 goblins
  A jackal zombie (D:5)
  A quokka zombie (D:7)
  6 rats
478 creatures vanquished.

Vanquished Creatures (collateral kills)
  A queen bee (D:8)
  A two-headed ogre (Orc:4)
  A troll (Orc:4)
  2 yaks
  An ogre (Orc:4)
  A shadow imp (D:11)
  3 orcs
  A jackal (D:9)
11 creatures vanquished.

Vanquished Creatures (others)
  The ghost of MegaBob the Chopper, a novice HOFi of Elyvilon (D:5)
  A hungry ghost (D:9)
  An ogre (Orc:4)
  2 electric eels (D:10)
  2 orc priests (Orc:3)
  An orc wizard (Orc:1)
  2 orcs (Orc:3)
10 creatures vanquished.

Grand Total: 499 creatures vanquished

Notes
Turn   | Place    | Note
--------------------------------------------------------------
     0 | Abyss:1  | Gargoyl the Demonspawn Abyssal Knight began the quest for the Orb.
     0 | Abyss:1  | Reached XP level 1. HP: 18/18 MP: 2/2
     2 | Abyss:1  | Found a corrupted altar of Lugonu.
   283 | Abyss:1  | Noticed a worldbinder
   284 | D:1      | Escaped the Abyss
   670 | D:1      | Reached skill level 1 in Dodging
   712 | D:1      | Gained mutation: You sometimes gain a little power by taking damage. [demonic ancestry]
   712 | D:1      | Reached XP level 2. HP: 24/24 MP: 3/3
   862 | D:1      | You fall through a shaft!
   879 | D:2      | Reached * piety under Lugonu
  1165 | D:2      | Reached XP level 3. HP: 24/29 MP: 5/5
  2277 | D:2      | Reached ** piety under Lugonu
  2974 | D:3      | Reached XP level 4. HP: 35/35 MP: 6/6
  2983 | D:3      | Noticed trgk's ghost (amateur HECK)
  2997 | D:3      | Gained mutation: You possess an exceptional clarity of mind. [potion of beneficial mutation]
  3021 | D:3      | Killed trgk's ghost
  3021 | D:3      | Reached XP level 5. HP: 21/41 MP: 5/7
  3388 | D:3      | Reached skill level 1 in Stealth
  4387 | D:4      | Reached XP level 6. HP: 32/48 MP: 8/8
  4544 | D:4      | Noticed an ogre
  4553 | D:4      | Killed an ogre
  4553 | D:4      | Reached skill level 1 in Shields
  4609 | D:4      | Reached *** piety under Lugonu
  4613 | D:4      | Found a blossoming altar of Fedhas.
  4681 | D:4      | Found a staircase to the Ecumenical Temple.
  4774 | D:5      | Entered Level 5 of the Dungeon
  4780 | D:5      | Found a snail-covered altar of Cheibriados.
  4801 | D:5      | Noticed MegaBob's ghost (novice HOFi)
  4816 | D:5      | Banished MegaBob's ghost
  4816 | D:5      | Reached skill level 4 in Fighting
  4816 | D:5      | Reached XP level 7. HP: 16/54 MP: 9/9
  5204 | D:5      | Reached skill level 1 in Throwing
  5359 | D:5      | Noticed Grinder
  5377 | D:5      | Paralysed by Grinder for 2 turns
  5388 | D:5      | Killed Grinder
  5388 | D:5      | Gained mutation: You have large cloven feet. [demonic ancestry]
  5388 | D:5      | Reached XP level 8. HP: 9/61 MP: 10/10
  5784 | D:5      | Reached skill level 5 in Fighting
  5806 | D:5      | Found a shadowy altar of Dithmenos.
  5930 | D:5      | Cast into the Abyss (orc wizard)
  5930 | Abyss:1  | Found a corrupted altar of Lugonu.
  6009 | Abyss:1  | Noticed an ancient zyme
  6018 | D:5      | Escaped the Abyss
  6028 | D:5      | Reached skill level 5 in Dodging
  6035 | D:5      | Gained mutation: You are weak. (Str -2) [mutagenic meat]
  6036 | D:5      | Gained mutation: You are frail (-10% HP). [mutagenic meat]
  6593 | D:6      | Reached skill level 5 in Axes
  6680 | D:6      | Found a stormy altar of Qazlal.
  6681 | D:6      | Found a basalt altar of Yredelemnul.
  6695 | D:6      | Found a white marble altar of Elyvilon.
  6695 | D:6      | Found a radiant altar of Vehumet.
  6843 | D:6      | Got a pair of shimmering boots
  6854 | D:6      | Identified the cursed +0 pair of boots "Kiokop" {rN+ Int+2} (You found it on level 6 of the Dungeon)
  6857 | D:6      | Found Vogyhum's Armour Shoppe.
  6877 | D:6      | Bought a +2 shield of reflection for 222 gold pieces
  7023 | D:6      | Reached skill level 5 in Armour
  7346 | D:6      | Reached XP level 9. HP: 61/61 MP: 11/11
  7728 | D:7      | Found Tiobyas's Distillery.
  7747 | D:6      | Reached **** piety under Lugonu
  7932 | D:7      | Reached skill level 6 in Axes
  7948 | D:7      | Found Gul Vaov's Antique Weapon Boutique.
  7954 | D:7      | Found Hyuwet's Antique Weapon Shoppe.
  8604 | D:7      | Found Necixkini's Book Shoppe.
  8693 | D:7      | Found Lanerch's Distillery.
  9020 | D:7      | Bought a glowing broad axe for 116 gold pieces
  9568 | D:7      | Reached ***** piety under Lugonu
  9667 | D:8      | Gained mutation: A weak demonic guardian rushes to your aid. [demonic ancestry]
  9667 | D:8      | Reached XP level 10. HP: 17/69 MP: 12/12
 10181 | D:7      | Reached skill level 5 in Shields
 10770 | D:8      | Reached skill level 7 in Axes
 10793 | D:8      | Noticed Grum
 11228 | D:8      | Killed Grum
 12298 | D:9      | Gained mutation: You are partially covered in icy blue scales (AC +1). [demonic ancestry]
 12298 | D:9      | Reached XP level 11. HP: 30/74 MP: 13/13
 12298 | D:9      | Reached ****** piety under Lugonu
 12301 | D:9      | Reached skill level 8 in Axes
 12874 | D:9      | Found a snail-covered altar of Cheibriados.
 13051 | D:10     | Entered Level 10 of the Dungeon
 13087 | D:10     | Noticed a hill giant
 13097 | D:10     | Killed a hill giant
 14186 | D:10     | Gained mutation: Armour fits poorly on your strangely shaped body. [mutagenic meat]
 14188 | D:10     | Gained mutation: Your magical capacity is low (-10% MP). [mutagenic meat]
 14189 | D:10     | Gained mutation: You are resistant to hostile enchantments. [mutagenic meat]
 14190 | D:10     | Lost mutation: You are frail (-10% HP). [mutagenic meat]
 14292 | D:10     | Noticed a hill giant
 14300 | D:10     | Killed a hill giant
 14597 | D:10     | HP: 2/86 [spatial distortion (3)]
 14980 | D:10     | Reached skill level 9 in Axes
 15180 | D:11     | Noticed a hill giant
 15189 | D:11     | Killed a hill giant
 16109 | D:11     | Noticed dertzug's ghost (novice FoFi)
 16125 | D:11     | Killed dertzug's ghost
 16125 | D:11     | Reached XP level 12. HP: 81/94 MP: 14/14
 16376 | D:11     | Found a staircase to the Orcish Mines.
 16489 | D:11     | Found a staircase to the Lair.
 16644 | D:11     | Noticed a centaur warrior
 16654 | D:11     | Killed a centaur warrior
 16753 | Orc:1    | Entered Level 1 of the Orcish Mines
 17434 | D:6      | Bought the +1 cloak "Nautal" {-Cast rC+ Str+9 Slay+2} for 525 gold pieces
 17902 | Orc:3    | Found Vaeb Cea's Food Shoppe.
 17909 | Orc:3    | Reached skill level 10 in Axes
 17953 | Orc:3    | Found Cirahipo's General Store.
 17965 | Orc:3    | Bought a +0 broad axe for 52 gold pieces
 17965 | Orc:3    | Bought a scroll of teleportation for 39 gold pieces
 18013 | Orc:3    | Found Wentysk's Weapon Shoppe.
 18019 | Orc:3    | Noticed Erolcha
 18033 | Orc:3    | Killed Erolcha
 18161 | Orc:3    | HP: 1/95 [orc priest/divine providence (15)]
 18616 | Orc:3    | Reached skill level 5 in Invocations
 19121 | Orc:3    | Found Egyn's Jewellery Boutique.
 19121 | Orc:3    | Found Qojadgh's Armour Emporium.
 19134 | Orc:3    | Bought the ring of Qaeguimp {rPois MR+ Dex+3 SInv} for 495 gold pieces
 19196 | Orc:4    | Entered Level 4 of the Orcish Mines
 19196 | Orc:4    | Noticed Maud
 19215 | Orc:3    | Killed Maud
 19586 | Orc:4    | Found a staircase to the Elven Halls.
 19608 | Orc:4    | Found a roughly hewn altar of Beogh.
 19673 | Orc:4    | Noticed an ogre mage
 20105 | Orc:3    | Reached skill level 11 in Axes
 20359 | Orc:4    | Killed an ogre mage
 20359 | Orc:4    | Gained mutation: You are mostly covered in icy blue scales (AC +3, EV -1). [demonic ancestry]
 20359 | Orc:4    | Reached XP level 13. HP: 95/102 MP: 15/15
 20385 | Orc:4    | Noticed an ettin
 20394 | Orc:4    | Mangled by an ettin

Action                   |  1- 3 |  4- 6 |  7- 9 | 10-12 | 13-15 || total
-------------------------+-------+-------+-------+-------+-------++-------
Melee: Hand axe          |   173 |   117 |       |       |       ||   290
       War axe           |       |    53 |   499 |       |       ||   552
       Broad axe         |       |       |    56 |  1038 |    14 ||  1108
Throw: Javelin           |       |     2 |     3 |     5 |       ||    10
       Tomahawk          |       |       |       |     8 |       ||     8
Invok: Depart the Abyss  |     1 |       |     1 |       |       ||     2
       Banish            |       |       |     1 |     9 |       ||    10
       Bend Space        |       |       |       |     1 |       ||     1
  Use: Potion            |       |     4 |     6 |     8 |       ||    18
       Scroll            |       |       |    11 |    10 |       ||    21
 Stab: Sleeping          |     2 |     1 |       |       |       ||     3
       Distracted        |       |       |       |     5 |       ||     5
  Eat: Chunk             |     2 |     1 |     6 |    12 |       ||    21
       Beef jerky        |     2 |       |     1 |     2 |       ||     5
       Fruit             |     1 |       |     4 |     5 |       ||    10
       Pizza             |     1 |       |       |       |       ||     1
       Bread ration      |       |     1 |     2 |     2 |       ||     5
       Royal jelly       |       |       |       |     7 |       ||     7
       Meat ration       |       |       |       |     3 |       ||     3
